 Dungeon Crawl Stone Soup version 0.23.2-1-ga50397a (webtiles) character file.

Game seed: 14572551594312870827

444 XPEneeg3 the Skirmisher (level 7, 0/61 HPs)
             Began as a Hill Orc Fighter on May 8, 2019.
             Killed from afar by an orc wizard (10 damage)
             ... with a puff of flame
             ... on level 4 of the Dungeon.
             The game lasted 00:13:16 (4123 turns).

XPEneeg3 the Skirmisher (Hill Orc Fighter)          Turns: 4123, Time: 00:13:17

Health: 0/61       AC:  9    Str: 21    XL:     7   Next: 3%
Magic:  7/7        EV:  7    Int:  8    God:
Gold:   185        SH: 10    Dex: 10    Spells: 6/6 levels left

rFire    . . .     SeeInvis .   a - +0 war axe
rCold    . . .     Gourm    .   c - +0 shield
rNeg     . . .     Faith    .   b - +0 scale mail
rPois    .         Spirit   .   (no helmet)
rElec    .         Reflect  .   x - +0 cloak
rCorr    .         Harm     .   (no gloves)
MR       .....                  u - +0 pair of boots
Stlth    ..........             (no amulet)
HPRegen  0.20/turn              (no ring)
MPRegen  0.10/turn              (no ring)

@: no status effects
A: no striking features
a: no special abilities


You were on level 4 of the Dungeon.
You were not hungry.

You visited 1 branch of the dungeon, and saw 4 of its levels.

You collected 185 gold pieces.

Inventory:

Hand Weapons
 a - a +0 war axe (weapon)
 s - a +1 hand axe of chopping
Missiles
 m - 12 poisoned needles
Armour
 b - a +0 scale mail (worn)
 c - a +0 shield (worn)
 u - a +0 pair of boots (worn)
 x - a +0 cloak (worn)
Scrolls
 e - a scroll of immolation {unknown}
 i - 4 scrolls of identify {unknown}
 j - a scroll of random uselessness {unknown}
 l - a scroll of teleportation {unknown}
 o - a scroll of fog {unknown}
 p - a scroll of enchant armour {unknown}
 q - a scroll of remove curse {unknown}
 r - a scroll of enchant weapon {unknown}
 v - 2 scrolls of noise {unknown}
 w - a scroll of blinking {unknown}
Potions
 d - a potion of might
 g - a potion of heal wounds {unknown}
 k - a potion of agility {unknown}
 n - a potion of haste {unknown}
 t - a potion of brilliance {unknown}
Comestibles
 f - 11 rations


   Skills:
 + Level 5.4 Fighting
 + Level 5.2 Axes
 + Level 5.0 Armour
 + Level 5.1 Shields


You had 6 spell levels left.
You didn't know any spells.
Your spell library contained the following spells:

 Spells                   Type           Power        Failure   Level  Hunger
 Magic Dart               Conj           #...         99%         1    ##.....
 Blink                    Tloc           N/A          99%         2    ###....
 Call Imp                 Summ           #.......     99%         2    ###....
 Searing Ray              Conj           #.....       99%         2    ###....
 Slow                     Hex            #.......     99%         2    ###....
 Conjure Flame            Conj/Fire      #.......     100%        3    ####...
 Dazzling Spray           Conj/Hex       #.....       100%        3    ####...
 Mephitic Cloud           Conj/Pois/Air  #.......     100%        3    ####...
 Force Lance              Conj/Tloc      #.......     100%        4    #####..
 Fulminant Prism          Conj/Hex       #.........   100%        4    #####..
 Iskenderun's Mystic Bla  Conj           #.......     100%        4    #####..


Dungeon Overview and Level Annotations

Branches:
Dungeon (4/15)             Temple (0/1) D:4

Altars:
Ashenzari
Fedhas
Nemelex Xobeh
Qazlal
Sif Muna
Wu Jian
Xom
The Shining One

Annotations:
D:3 exclusion: oklob plant


Message History

Something hits you but does no damage. Something hits you.
* * * LOW HITPOINT WARNING * * *
Something hits you.
* * * LOW HITPOINT WARNING * * *
Your shield prevents you from hitting something.
You slash something!
Something hits you but does no damage. x4
You miss something.
Your shield and scale mail prevent you from hitting something.
You hear some strange, mumbled words.
A magic dart appears from out of thin air!
The magic dart hits you.
* * * LOW HITPOINT WARNING * * *
You hear some strange, mumbled words.
A magic dart appears from out of thin air!
The magic dart hits you.
* * * LOW HITPOINT WARNING * * *
You hear some strange, mumbled words.
A puff of flame appears from out of thin air!
The puff of flame hits you!
You die...

#...##...............###......
####...##..............#........
##.##.#..........................
#...>.#..............#...........
....<)..............##.###.......
##<..)##.#.............# #.......
#..#)...#..[....###.###.#.......
#...#........##†###........#.....
#............#))@.#.........#....
.............##.{.........>....#.
..............#....>.[......#....
####....................#.....#..
#....................#.....#.#
##....#..............##..#....
#.......)...........#...
#.............#.........
##............#.........


There were no monsters in sight!

Vanquished Creatures
  A scorpion (D:4)
  A howler monkey (D:4)
  2 hounds (D:4)
  4 orc wizards
  An iguana (D:3)
  4 adders
  A howler monkey skeleton (D:4)
  An ooze (D:3)
  An adder skeleton (D:3)
  7 worms
  A dart slug (D:4)
  2 leopard geckos
  10 orcs
  2 ball pythons
  4 bats
  2 giant cockroaches
  A goblin (D:2)
  7 hobgoblins
  4 jackals
  2 quokkas (D:2)
  10 frilled lizards
  11 kobolds
  10 rats
89 creatures vanquished.

Vanquished Creatures (others)
  An orc wizard (D:3)
1 creature vanquished.

Grand Total: 90 creatures vanquished

Notes
Turn   | Place    | Note
-------+----------+-------------------------------------------
     0 | D:1      | XPEneeg3 the Hill Orc Fighter began the quest for the Orb.
     0 | D:1      | Reached XP level 1. HP: 19/19 MP: 1/1
   444 | D:1      | Reached XP level 2. HP: 27/27 MP: 2/2
   554 | D:1      | You fall through a shaft!
   591 | D:2      | Reached XP level 3. HP: 23/33 MP: 3/3
  1337 | D:2      | Reached XP level 4. HP: 37/40 MP: 4/4
  2478 | D:3      | Found a shimmering altar of Xom.
  2479 | D:3      | Found a stormy altar of Qazlal.
  2481 | D:3      | Found a sparkling altar of Nemelex Xobeh.
  2483 | D:3      | Found a shattered altar of Ashenzari.
  2484 | D:3      | Found a glowing golden altar of the Shining One.
  2486 | D:3      | Reached XP level 5. HP: 47/47 MP: 5/5
  3088 | D:3      | Found an ornate altar of the Wu Jian Council.
  3379 | D:3      | Found a deep blue altar of Sif Muna.
  3465 | D:3      | Found a blossoming altar of Fedhas.
  3486 | D:3      | Noticed an oklob plant
  3798 | D:4      | Reached XP level 6. HP: 54/55 MP: 6/6
  3809 | D:4      | Reached skill level 5 in Fighting
  3967 | D:4      | Found a staircase to the Ecumenical Temple.
  4090 | D:4      | Reached skill level 5 in Axes
  4095 | D:4      | Reached skill level 5 in Shields
  4106 | D:4      | Reached skill level 5 in Armour
  4107 | D:4      | Reached XP level 7. HP: 37/61 MP: 7/7
  4123 | D:4      | Killed from afar by an orc wizard

Skill      XL: |  1  2  3  4  5  6 |
---------------+-------------------+-----
Axes           | 3 4 5 |  5.2
Fighting       | 4 5 |  5.4
Shields        | 4 5 |  5.1
Armour         | 4 5 |  5.0

Action                   |  1- 3 |  4- 6 |  7- 9 || total
-------------------------+-------+-------+-------++-------
Melee: War axe           |   123 |   219 |    11 ||   353
  Use: Potion            |       |     1 |     1 ||     2
  Eat: Chunk             |     2 |     6 |       ||     8
       Ration            |       |     1 |       ||     1
Armor: Scale mail        |    59 |    84 |    24 ||   167
Dodge: Dodged            |    36 |    59 |     2 ||    97
Block: Shield            |    67 |   108 |     1 ||   176
